Map: Dusk Towers

Players

PtitDrogo

  • Race: Protoss Protoss
  • League: Grandmaster

MarineLorD - Winner!

  • Race: Terran Terran
  • League: Grandmaster

Event: 2016 WCS Winter Challenger Europe

VOD

https://www.youtube.com/watch?v=6pfJlbLEaw8

Description

Time

  • Played on: Feb. 13, 2016, 10:41 a.m.
  • Length: 15:36

All games in this series

Show
View Real Time Build Order
Export as new Build Order

PtitDrogo Protoss 

Build Orders: 1 Gate Expand, Oracle Opening 

Get SALT Encoding   

  12  0:01  Probe (Chrono Boost)  
  13  0:11  Probe (Chrono Boost)  
  14  0:16  Pylon  
  14  0:22  Probe (Chrono Boost)  
  15  0:35  Probe (Chrono Boost), Gateway  
  16  0:41  Assimilator  
  16  0:45  Probe (Chrono Boost)  
  17  0:56  Probe (Chrono Boost)  
  18  1:06  Probe (Chrono Boost)  
  19  1:17  Nexus  
  19  1:21  Probe (Chrono Boost)  
  20  1:30  Cybernetics Core  
  20  1:33  Probe (Chrono Boost)  
  20  1:39  Assimilator  
  21  1:44  Probe (Chrono Boost)  
  22  1:48  Pylon  
  22  1:54  Probe (Chrono Boost)  
  22  1:59  Pylon  
  23  2:06  Probe (Chrono Boost)  
  23  2:08  Adept (Chrono Boost)  
  26  2:18  Probe  
  26  2:21  Stargate  
  27  2:30  Probe x2 (Chrono Boost)  
  27  2:36  Adept  
  31  2:41  Probe x2 (Chrono Boost)  
  31  2:43  Warp Gate  
  33  2:51  Probe x2 (Chrono Boost)  
  35  3:01  Probe (Chrono Boost)  
  35  3:02  Probe (Chrono Boost)  
  37  3:05  Oracle (Chrono Boost)  
  37  3:11  Probe  
  41  3:13  Probe  
  42  3:21  Probe  
  42  3:25  Probe  
  44  3:32  Probe  
  45  3:37  Probe, Oracle (Chrono Boost)  
  49  3:41  Mothership Core  
  49  3:46  Pylon  
  51  3:50  Probe  
  51  3:55  Pylon, Nexus  
  52  4:01  Probe (Chrono Boost)  
  53  4:03  Probe (Chrono Boost), Twilight Council  
  53  4:06  Assimilator x2  
  54  4:13  Probe (Chrono Boost)  
  54  4:14  Probe (Chrono Boost)  
  56  4:20  Gateway  
  56  4:21  Gateway  
  56  4:24  Probe (Chrono Boost)  
  57  4:25  Probe (Chrono Boost)  
  58  4:34  Probe (Chrono Boost)  
  58  4:35  Probe (Chrono Boost)  
  60  4:40  Blink (Chrono Boost)  
  60  4:43  Probe (Chrono Boost)  
  61  4:46  Probe (Chrono Boost)  
  62  4:54  Probe  
  62  4:56  Stalker  
  62  4:57  Robotics Facility  
  62  4:58  Probe  
  66  5:04  Probe  
  66  5:05  Probe  
  67  5:10  Probe  
  69  5:14  Assimilator x2  
  69  5:15  Probe  
  69  5:16  Probe  
  69  5:20  Sentry  
  69  5:21  Stalker x2  
  77  5:22  Probe  
  77  5:24  Pylon  
  77  5:25  Probe  
  77  5:26  Probe, Pylon  
  80  5:29  Gateway  
  80  5:30  Gateway  
  80  5:34  Probe  
  81  5:36  Probe  
  81  5:37  Probe  
  83  5:46  Probe  
  83  5:47  Probe  
  83  5:48  Probe  
  86  5:50  Observer (Chrono Boost)  
  86  5:57  Pylon  
  87  5:58  Probe x2  
  87  5:59  Pylon  
  87  6:00  Probe  
  86  6:09  Probe  
  86  6:10  Probe  
  81  6:12  Probe  
  82  6:18  Pylon  
  82  6:19  Probe  
  82  6:22  Forge  
  82  6:24  Forge  
  82  6:25  Observer (Chrono Boost)  
  84  6:28  Robotics Bay  
  84  6:30  Stalker x2, Sentry  
  84  6:31  Pylon  
  84  6:32  Resonating Glaives (Chrono Boost)  
  90  6:36  Adept  
  92  6:40  Pylon  
  92  6:43  Pylon  
  92  6:45  Pylon, Gateway, Immortal (Chrono Boost)  
  92  6:46  Nexus  
  96  6:47  Protoss Ground Armor Level 1 (Chrono Boost), Protoss Ground Weapons Level 1 (Chrono Boost)  
  96  6:48  Pylon  
  96  6:50  Sentry  
  98  6:54  Photon Cannon  
  98  7:00  Pylon  
  98  7:01  Stalker x4  
  99  7:04  Photon Cannon  
  99  7:06  Photon Cannon  
  105  7:14  Stalker  
  107  7:17  Extended Thermal Lance  
  107  7:19  Colossus (Chrono Boost)  
  111  7:30  Stalker x4  
  119  7:42  Probe  
  120  7:44  Photon Cannon  
  120  7:46  Photon Cannon  
  120  7:57  Probe  
  121  8:04  Robotics Facility  
  121  8:07  Stalker x2  
  121  8:08  Stalker x3  
  136  8:15  Probe  
  132  8:20  Observer (Chrono Boost)  
  132  8:21  Templar Archives  
  132  8:25  Probe, Gateway  
  132  8:26  Gateway  
  133  8:28  Gateway  
  133  8:30  Gateway  
  133  8:37  Protoss Ground Armor Level 2, Protoss Ground Weapons Level 2  
  133  8:46  Pylon  
  133  8:52  Pylon  
  133  8:53  Colossus (Chrono Boost)  
  145  8:56  Nexus  
  145  8:58  Pylon  
  145  9:00  Colossus (Chrono Boost), Pylon  
  145  9:05  Pylon  
  145  9:06  Adept x5  
  145  9:07  Adept  
  145  9:08  Pylon  
  145  9:09  Probe x2  
  158  9:10  Probe  
  159  9:21  Probe  
  160  9:24  Photon Cannon  
  160  9:28  Stargate  
  160  9:32  Assimilator  
  160  9:34  Fleet Beacon  
  160  9:35  Assimilator  
  156  9:50  Stalker x5  
  156  9:51  Stalker x2  
  168  9:54  Psionic Storm  
  168  10:07  Warp Prism  
  168  10:10  Colossus  
  176  10:21  Photon Cannon  
  176  10:24  Photon Cannon  
  176  10:28  Pylon  
  176  10:29  High Templar  
  176  10:30  High Templar  
  176  10:33  High Templar  
  182  10:36  Pylon  
  182  10:38  Protoss Ground Weapons Level 3  
  182  10:45  Protoss Ground Armor Level 3  
  182  10:55  High Templar  
  182  10:56  Nexus, High Templar  
  186  10:57  Pylon  
  186  11:14  Tempest  
  190  11:19  Nexus  
  190  11:21  Photon Cannon  
  190  11:22  Photon Cannon  
  190  11:25  Pylon, Void Ray  
  192  11:33  Adept  
  192  11:34  Adept x3  
  200  11:47  Photon Cannon x2  
  200  11:52  Assimilator  
  200  11:57  Assimilator  
  200  11:59  Mothership Core  
  197  12:20  High Templar x3  
  193  12:22  Tempest  
  193  12:27  Adept  
  197  13:18  Zealot x2  
  197  13:19  Zealot x2  
  135  13:36  Stalker x3  
  135  13:37  Adept x3  
  122  13:51  Zealot x4  
  119  13:56  Archon  
  119  13:57  Stalker x3  
  119  14:01  Stalker x2  
  100  14:03  Colossus (Chrono Boost)  
  100  14:05  Zealot  
  100  14:06  Colossus (Chrono Boost)  
  100  14:09  Tempest (Chrono Boost)  
  112  14:12  Tempest (Chrono Boost)  
  112  14:13  Stalker x3  
  112  14:14  Stalker  
  116  14:21  Adept  
  116  14:22  Adept x2  
  118  14:24  Adept x2  
  118  14:30  Adept  
  122  14:37  Adept x4, Assimilator  
  130  14:42  Adept x2  
  130  14:43  Adept  
  136  14:48  Adept  
  136  14:49  Adept  
  136  14:51  Adept  
  97  15:06  Stalker x3  
  97  15:07  Stalker x4  
  91  15:10  Adept x2  
  91  15:12  Adept  
  87  15:29  Adept  
  87  15:30  Adept x6  
  87  15:31  Adept x2  
Show
View Real Time Build Order
Export as new Build Order

MarineLorD Terran - Winner!

Build Orders: Command Center First (CC), MMM Bio 

Get SALT Encoding   

  12  0:00  SCV  
  13  0:12  SCV  
  14  0:17  Supply Depot  
  14  0:24  SCV  
  15  0:38  SCV  
  16  0:50  SCV  
  17  0:59  Command Center  
  17  1:02  SCV  
  18  1:12  Barracks  
  18  1:15  SCV  
  19  1:27  SCV  
  19  1:28  Barracks  
  20  1:39  SCV  
  21  1:44  Barracks  
  21  1:51  SCV  
  22  1:59  Marine  
  23  2:03  Orbital Command  
  23  2:13  Orbital Command  
  23  2:19  Marine x2  
  25  2:30  SCV  
  25  2:32  Marine  
  25  2:37  Marine x2  
  27  2:38  SCV  
  27  2:42  Barracks, SCV  
  31  2:46  Refinery  
  31  2:47  Refinery  
  31  2:51  SCV, Marine  
  33  2:54  Marine  
  33  2:55  Marine  
  33  2:57  Supply Depot  
  35  2:59  SCV  
  35  3:03  Supply Depot  
  35  3:05  SCV  
  37  3:11  SCV  
  38  3:17  Barracks Tech Lab  
  38  3:18  Marine x2  
  38  3:19  SCV  
  41  3:23  SCV  
  42  3:27  Supply Depot  
  42  3:30  Refinery  
  42  3:32  SCV  
  43  3:35  SCV  
  43  3:36  Marine x3  
  47  3:42  Stimpack  
  47  3:44  SCV  
  47  3:48  SCV  
  49  3:51  Engineering Bay  
  49  3:54  Marine x2  
  50  3:56  SCV, Marine  
  50  4:00  SCV  
  53  4:02  Factory  
  53  4:08  SCV  
  54  4:10  Supply Depot  
  54  4:12  SCV  
  54  4:14  Marauder  
  54  4:15  Supply Depot  
  54  4:17  Barracks Reactor  
  57  4:21  SCV, Barracks Tech Lab  
  57  4:22  Terran Infantry Weapons Level 1  
  59  4:24  SCV  
  57  4:33  SCV  
  57  4:35  Marauder  
  57  4:36  SCV  
  55  4:39  Missile Turret  
  55  4:43  Missile Turret  
  55  4:45  SCV  
  56  4:47  Starport  
  56  4:50  Factory Reactor  
  56  4:51  SCV  
  57  4:53  Marine  
  57  4:54  Marine  
  57  4:56  Marine  
  61  5:00  SCV  
  61  5:03  Marauder  
  61  5:04  SCV  
  63  5:11  Combat Shields  
  63  5:12  SCV  
  64  5:23  Marine x2  
  64  5:24  SCV, Marine  
  64  5:25  Marine  
  69  5:29  Supply Depot  
  69  5:36  SCV  
  69  5:37  Command Center  
  69  5:41  Marine x2  
  69  5:42  Medivac x2  
  75  5:43  Concussive Shells  
  75  5:49  Marine x2  
  75  5:52  SCV  
  78  5:58  SCV  
  78  5:59  Widow Mine  
  77  6:04  SCV  
  77  6:08  Marauder x2  
  77  6:10  SCV  
  75  6:11  Marine  
  75  6:12  Marine  
  75  6:16  Medivac x2  
  75  6:22  SCV  
  76  6:29  Supply Depot, Refinery, Marauder  
  76  6:30  Barracks x2  
  78  6:33  Marine x3  
  78  6:34  SCV  
  78  6:35  Factory Reactor  
  78  6:38  SCV  
  83  6:41  Supply Depot x2  
  83  6:46  SCV  
  84  6:47  Supply Depot  
  84  6:50  SCV, Marine  
  84  6:51  Marine, Orbital Command  
  87  6:58  SCV  
  88  7:03  SCV  
  88  7:04  Terran Infantry Armor Level 1, Marine x2  
  88  7:05  Liberator x2  
  88  7:08  Marine  
  92  7:09  Marine  
  92  7:10  SCV  
  92  7:15  SCV  
  95  7:22  Missile Turret  
  95  7:23  SCV  
  95  7:24  Marauder, Marine  
  95  7:27  SCV  
  106  7:35  Marauder, SCV  
  106  7:36  Marine  
  104  7:45  Marine  
  104  7:46  Marauder  
  104  7:47  Barracks Reactor, Widow Mine x2, Barracks Tech Lab, Orbital Command  
  104  7:48  Liberator x2  
  104  7:49  Supply Depot  
  110  7:52  Supply Depot  
  110  7:56  Marauder, Marine  
  113  8:08  Marauder, Marine x2  
  123  8:12  Refinery  
  123  8:13  Marine  
  123  8:15  Refinery  
  123  8:16  SCV  
  123  8:18  Marauder  
  123  8:19  SCV  
  128  8:20  SCV  
  128  8:25  Marine  
  128  8:26  Marauder, Widow Mine x2  
  136  8:29  Marine  
  136  8:31  Liberator x2, Marine  
  136  8:32  Marine  
  139  8:37  Armory  
  139  8:38  Supply Depot, Engineering Bay  
  139  8:39  Marauder  
  139  8:47  Marauder  
  141  8:52  Supply Depot  
  141  8:53  Supply Depot, Missile Turret  
  141  8:55  Marine  
  148  8:56  Command Center  
  148  9:00  Supply Depot, Marine x2  
  150  9:10  Marauder, Marine x2  
  150  9:13  Marauder  
  156  9:20  Barracks  
  156  9:21  Barracks, Marine  
  157  9:25  Starport, Marine x2  
  157  9:27  Terran Infantry Weapons Level 2  
  157  9:28  Terran Infantry Armor Level 2, Marauder  
  161  9:32  Terran Ship Weapons Level 1  
  161  9:36  Viking  
  163  9:40  Marauder  
  163  9:44  Marauder, Marine  
  165  9:48  Marine x2  
  165  9:50  Marauder  
  169  9:54  Marine  
  169  9:59  Viking  
  172  10:02  Marauder  
  172  10:04  Viking  
  172  10:06  Marauder  
  177  10:13  Viking x2  
  181  10:17  Sensor Tower  
  181  10:25  Ghost Academy, Barracks Tech Lab x2  
  181  10:26  Marine x2  
  183  10:30  Viking  
  185  10:40  Missile Turret  
  185  10:42  Planetary Fortress, Missile Turret  
  185  10:47  Viking  
  187  10:52  Viking  
  189  10:57  Viking  
  189  11:02  Ghost  
  193  11:06  Ghost  
  195  11:18  Ghost x2  
  195  11:25  Viking  
  200  11:30  Ghost  
  200  11:31  Ghost  
  198  11:35  Ghost  
  200  12:00  Ghost x2  
  199  12:11  Command Center  
  199  12:14  Command Center  
  198  12:41  Ghost  
  198  12:42  Command Center  
  198  12:48  Terran Ship Weapons Level 2, Terran Infantry Weapons Level 3  
  198  12:49  Terran Infantry Armor Level 3  
  189  12:56  Marine  
  189  12:57  Marauder x2, Marine x5  
  187  13:10  Marine  
  188  13:15  Marauder x2  
  190  13:24  Marauder x2  
  184  13:28  Marauder, Marine  
  184  13:32  Marine x3  
  170  13:34  Liberator x2  
  170  13:37  Marauder x2  
  172  13:45  Marauder, Marine  
  172  13:46  Marine  
  173  13:49  Marine  
  173  13:50  Marine x3  
  165  13:58  Marauder x2  
  150  14:04  Marauder, Marine  
  150  14:06  Marauder  
  150  14:08  Marauder, Marine x3  
  151  14:19  Marauder x2  
  151  14:21  Marine  
  152  14:24  Marine  
  152  14:26  Marine x3  
  152  14:28  Marauder  
  152  14:29  Marauder  
  160  14:39  Marine  
  160  14:41  Marauder x2  
  160  14:43  Marauder  
  160  14:44  Marine x2  
  167  14:49  Marauder, Marine  
  167  14:50  Marauder  
  160  14:57  Marine  
  156  15:01  Marine x2  
  156  15:02  Marauder x2, Orbital Command x2  
  156  15:04  Marauder  
  162  15:07  Marine  
  162  15:11  Marauder  
  162  15:12  Marauder  
  167  15:15  Marine  
Tags
 
Add a new tag
Caveats
  • Supply blocks, unpowered buildings, or Contaminate may cause inaccurate times.
  • Supply counts are checked every 10 seconds.